 Dungeon Crawl Stone Soup version 0.30-b1-2-g02819fbbbe (webtiles) character file.

Game seed: 10398076010755994429

226031 Fartwhistle the Tortoise (level 19, 0/153 HPs)
             Began as a Gnoll Hunter on Sept 17, 2023.
             Was the Champion of the Shining One.
             Killed from afar by a deep elf sorcerer (46 damage)
             ... with damnation
             ... on level 3 of the Elven Halls.
             The game lasted 02:45:21 (47023 turns).

Fartwhistle the Tortoise (Gnoll Hunter)            Turns: 47023, Time: 02:45:22

Health: 0/153      AC: 27    Str: 11    XL:     19   Next: 73%
Magic:  30/36      EV: 15    Int: 19    God:    the Shining One [******]
Gold:   850        SH:  5    Dex: 27    Spells: 4/45 levels left

rFire   + . .        z - +0 triple crossbow (freeze)
rCold   + + .        (shield currently unavailable)
rNeg    + + +        O - +6 chain mail of Sozepu Fiar {rC+ rN+}
rPois   +            A - -2 hat of the Alchemist {rElec rPois rF+ rC+ rN+ Will+ rMut rCorr}
rElec   +            u - +0 cloak
rCorr   +            l - +1 pair of gloves {Dex+3}
SInv    .            H - +2 pair of boots
Will    +++..        w - amulet of reflection
Stlth   ++           Y - ring of Getab {rPois Will+ Int+3}
HPRegen 0.45/turn    J - ring "Lecah" {Wiz Int+3 Dex+5}
MPRegen 0.25/turn

%: reflection, resist mutation, wizardry (x1)
@: glowing, studying Armour
A: fangs 1, strong nose, distributed training
a: Renounce Religion, Divine Shield, Cleansing Flame, Summon Divine Warrior,
Brand Weapon With Holy Wrath


You were on level 3 of the Elven Halls.
You worshipped the Shining One.
The Shining One was exalted by your worship.
You visited 6 branches of the dungeon, and saw 29 of its levels.
You visited the Abyss 1 time.
You visited 1 bazaar.
You also visited: Bailey and Desolation.

You collected 4976 gold pieces.
You spent 4126 gold pieces at shops.

Inventory:

Hand Weapons
 a - a +4 arbalest of freezing
 e - the +10 lajatang of Obsession {protect, rF+ rN+ Str+3}
   (You acquired it on level 3 of the Lair of Beasts)

   Str:       It affects your strength (+3).
   rF:        It protects you from fire.
   rN:        It protects you from negative energy.
 z - a +0 triple crossbow of freezing (weapon)
Missiles
 X - 5 curare-tipped darts
Armour
 g - a +1 plate armour of willpower
 l - a +1 pair of gloves of dexterity (worn)
 u - a +0 cloak (worn)
 A - the -2 hat of the Alchemist (worn) {rElec rPois rF+ rC+ rN+ Will+ rMut rCorr}
   (You bought it in a shop on level 3 of the Dungeon)

   rF:        It protects you from fire.
   rC:        It protects you from cold.
   rElec:     It insulates you from electricity.
   rPois:     It protects you from poison.
   rN:        It protects you from negative energy.
   rCorr:     It protects you from acid and corrosion.
   rMut:      It protects you from mutation.
   Will:      It increases your willpower.
 E - a +1 robe of the Archmagi
 H - a +2 pair of boots (worn)
 O - the +6 chain mail of Sozepu Fiar (worn) {rC+ rN+}
   (You bought it in a shop in a bazaar)

   rC:        It protects you from cold.
   rN:        It protects you from negative energy.
 S - a +2 kite shield of reflection
Jewellery
 v - a +5 ring of evasion
 w - an amulet of reflection (around neck)
 J - the ring "Lecah" (right hand) {Wiz Int+3 Dex+5}
   (You found it in the Desolation of Salt)

   [ring of wizardry]

   It improves your spell success rate.
   Int:       It affects your intelligence (+3).
   Dex:       It affects your dexterity (+5).
 P - an amulet of regeneration
 T - the ring of Sucroumn {Will+ Str-3 Int+6 Slay+2 Stlth+}
   (You took it off a deep elf high priest on level 3 of the Elven Halls)

   [ring of willpower]

   Str:       It affects your strength (-3).
   Int:       It affects your intelligence (+6).
   Slay:      It affects your accuracy & damage with ranged weapons and melee
   (+2).
   Will:      It increases your willpower.
   Stlth:     It makes you more stealthy.
 V - an amulet of guardian spirit
 Y - the ring of Getab (left hand) {rPois Will+ Int+3}
   (You bought it in a shop on level 2 of the Orcish Mines)

   [ring of willpower]

   Int:       It affects your intelligence (+3).
   rPois:     It protects you from poison.
   Will:      It increases your willpower.
 Z - the ring "Tycsaef" {rF+ Str+3 Dex+2}
   (You found it in the Desolation of Salt)

   [ring of protection from fire]

   Str:       It affects your strength (+3).
   Dex:       It affects your dexterity (+2).
   rF:        It protects you from fire.
Wands
 k - a wand of light (16)
 D - a wand of mindburst (11)
 M - a wand of iceblast (6)
 Q - a wand of flame (26)
 R - a wand of paralysis (18)
Scrolls
 b - 7 scrolls of immolation
 d - 3 scrolls of poison
 i - 2 scrolls of blinking
 m - 2 scrolls of fog
 p - 6 scrolls of identify
 s - 3 scrolls of vulnerability
 x - 3 scrolls of fear
 G - 3 scrolls of amnesia
 L - 9 scrolls of teleportation
 N - a scroll of magic mapping
 W - 2 scrolls of silence
Potions
 c - a potion of resistance
 f - 6 potions of heal wounds
 h - 3 potions of attraction
 j - 4 potions of cancellation
 n - 9 potions of lignification
 o - 6 potions of invisibility
 r - 9 potions of brilliance
 t - 5 potions of might
 B - 5 potions of flight
 C - 5 potions of ambrosia
 F - a potion of haste
 I - 11 potions of curing
 U - 3 potions of mutation
Miscellaneous
 q - a condenser vane
 y - a phial of floods
 K - a lightning rod (4/4)


   Skills:
 + Level 14.4 Fighting
 + Level 13.7 Short Blades
 + Level 13.7 Long Blades
 + Level 13.7 Axes
 + Level 13.7 Maces & Flails
 + Level 13.7 Polearms
 + Level 13.7 Staves
 + Level 15.9 Ranged Weapons
 + Level 13.7 Throwing
 + Level 18.5 Armour
 + Level 14.4 Dodging
 + Level 13.9 Stealth
 + Level 13.7 Shields
 + Level 13.7 Unarmed Combat
 + Level 13.7 Spellcasting
 + Level 11.6 Conjurations
 + Level 11.6 Hexes
 + Level 11.6 Summonings
 + Level 11.6 Necromancy
 + Level 11.6 Translocations
 + Level 11.6 Transmutations
 + Level 11.6 Fire Magic
 + Level 11.6 Ice Magic
 + Level 11.6 Air Magic
 + Level 11.6 Earth Magic
 + Level 11.6 Poison Magic
 + Level 14.9 Invocations
 + Level 13.7 Evocations


You had 4 spell levels left.
You knew the following spells:

 Your Spells              Type           Power      Damage    Failure   Level
a - Tukima's Dance        Hex            55%        N/A       1%          3
b - Flame Wave            Conj/Fire      55%        2d13      1%          4
c - Stone Arrow           Conj/Erth      100%       3d13      1%          3
d - Mephitic Cloud        Conj/Pois/Air  55%        N/A       1%          3
e - Summon Cactus Giant   Summ           27%        N/A       21%         6
f - Blink                 Tloc           100%       N/A       1%          2
g - Passage of Golubria   Tloc           55%        N/A       1%          4
h - Summon Forest         Summ/Tloc      27%        N/A       4%          5
i - Eringya's Noxious Bo  Tmut/Pois      27%        N/A       21%         6
j - Freezing Cloud        Conj/Ice/Air   27%        6-21      4%          5

Your spell library contained the following spells:

 Spells                   Type           Power      Damage    Failure   Level
 Apportation              Tloc           100%       N/A       1%          1
 Magic Dart               Conj           100%       1d8       1%          1
 Necrotise                Necr           100%       1d9       1%          1
 Sandblast                Erth           100%       2d20      1%          1
 Summon Small Mammal      Summ           100%       N/A       1%          1
 Call Imp                 Summ           100%       N/A       1%          2
 Momentum Strike          Conj/Tloc      100%       3d10      1%          2
 Passwall                 Tmut/Erth      45%        N/A       1%          2
 Poisonous Vapours        Pois/Air       100%       N/A       1%          2
 Scorch                   Fire           100%       2d9       1%          2
 Call Canine Familiar     Summ           55%        N/A       1%          3
 Gell's Gravitas          Tloc           55%        N/A       1%          3
 Portal Projectile        Hex/Tloc       100%       N/A       1%          3
 Vhi's Electric Charge    Tloc/Air       100%       N/A       1%          3
 Leda's Liquefaction      Hex/Erth       27%        N/A       1%          4
 Arcjolt                  Conj/Air       27%        1d37      4%          5
 Blade Hands              Tmut           27%        N/A       4%          5
 Iskenderun's Battlesphe  Conj           55%        2d11      4%          5
 Yara's Violent Unravell  Hex/Tmut       27%        3d12      4%          5
 Plasma Beam              Fire/Air       27%        2x1d44    21%         6
 Spellforged Servitor     Conj/Summ      27%        N/A       71%         7
 Storm Form               Tmut/Air       27%        N/A       71%         7
 Summon Hydra             Summ           27%        N/A       71%         7


Dungeon Overview and Level Annotations

Branches:
Dungeon (15/15)            Temple (1/1) D:7            Lair (5/5) D:8
  Swamp (3/4) Lair:3        Snake (0/4) Lair:3        Slime (0/5) Lair:4
    Orc (2/2) D:12            Elf (3/3) Orc:2        Vaults (0/5) D:14
 Depths (0/4) D:15         Bailey (visited)         Desolation (visited)

Altars:
Ashenzari
Cheibriados
Dithmenos
Elyvilon
Fedhas
Gozag
Hepliaklqana
Kikubaaqudgha
Makhleb
Nemelex Xobeh
Okawaru
Qazlal
Ru
Sif Muna
Trog
Uskayaw
Vehumet
Wu Jian
Xom
Yredelemnul
Zin
The Shining One
Jiyva

Shops:
D:1 [   D:3 [   D:9 !([!   D:13 =   Orc:2 **((   Elf:2 =

Annotations:
D:6 2 runed translucent doors, diceflayer's ghost, novice DsHu
D:10 1 runed translucent door, Killmatronix's ghost, journeyman MiSu
D:13 exclusion: downstairs
D:14 3 runed translucent doors, Cown's ghost, journeyman TrHu
Lair:1 1 runed translucent door, catramo's ghost, journeyman HuHu
Lair:4 1 runed translucent door


Innate Abilities, Weirdness & Mutations

You have very sharp teeth.
Your uncanny sense of smell can sniff out nearby items.
Your experience applies equally to all skills.


Message History

Aim: a hellion (summoned, haloed, 85% to hit)
You shoot a bolt. The bolt hits the hellion!!
The bolt freezes the hellion.
The hellion is almost dead.
The hellion gestures at you.
The sphere of damnation explodes!
The damnation engulfs you!!
You hear a shout!
Unknown command.
Fire: z) +0 triple crossbow (freeze)
Press: ? - help, Q - select action, (/) - cycle Shift-Dir - straight line, f/p - hellion
Aim: a hellion (almost dead, summoned, haloed, 85% to hit)
You shoot a bolt. The bolt barely misses the hellion.
The hellion gestures at you.
The sphere of damnation explodes!
The damnation engulfs you!!
A deep elf sorcerer comes into view.
It is wielding a +1 battleaxe of freezing.
The hellion gestures at you.
The sphere of damnation explodes!
The damnation engulfs you!
The deep elf sorcerer is engulfed in freezing vapours.
You hear a shout!
The deep elf sorcerer is engulfed in freezing vapours.
Things that are here:
a +0 rapier; a +0 rapier; an elf corpse The hellion gestures at you.
The sphere of damnation explodes!
The damnation engulfs you!!
The deep elf sorcerer is engulfed in freezing vapours.
Items here: ))) [[.
Casting: Freezing Cloud (mildly dangerous; 4% risk of failure)
Confirm with . or Enter, or press ? or * to list all spells.
Aiming: Freezing Cloud (mildly dangerous; 4% risk of failure)
Press: ? - help, Dir - move target, f/p - hellion
Aim: a hellion (almost dead, summoned, haloed)
The hellion is engulfed in freezing vapours.
You kill the hellion!
The hellion disappears in a puff of smoke!
The deep elf sorcerer is engulfed in freezing vapours.
The deep elf sorcerer points at you and mumbles some strange words.
The sphere of damnation explodes!
The damnation engulfs you!
The deep elf sorcerer is engulfed in freezing vapours.
The deep elf sorcerer gestures at you while chanting.
The sphere of damnation explodes!
The damnation engulfs you!!!
You die...

#.#....#..#...#.#.## ##
####..##..#..#.....##.## ##.
#.#.....##..#.)#######.## #..
#.#...........### ##.#### ##.
##..#......#..)..# ##+#.#####
....#....##..[.).########.....#
#
#....#..#.......)()..[..'..[..#
.##..#..#.#......########.....#
...##.^#........@# ###.###
##.....#.######..# ###
######### ##§# #§## #§§#
#####§##### ###....§§...###
**#......e§.....#**
**,.......§........#*


You could see a deep elf sorcerer.

Vanquished Creatures
  Jorgrun (Elf:2)
  4 deep elf master archers (Elf:3)
  2 deep elf blademasters
  Donald (Orc:2)
  6 deep elf sorcerers
  A frost giant (D:15)
  Louise (D:15)
  A deep elf elementalist (Elf:3)
  2 imperial myrmidons (Desolation)
  2 eleionomae
  4 deep elf demonologists
  A deep elf annihilator (Elf:3)
  2 halazid warlocks (Desolation)
  4 deep elf death magi
  3 deep elf high priests (Elf:3)
  8 servants of whispers (Desolation)
  A shambling mangrove (Swamp:2)
  11 ragged hierophants (Desolation)
  6 peacekeepers (Desolation)
  6 centaur warriors
  14 hydras
  A catoblepas (Lair:5)
  19 dancing weapons
  4 two-headed ogres
  A death knight (D:14)
  5 alligators
  5 tengu warriors
  5 boulder beetles
  3 spriggan berserkers (Swamp:2)
  5 orc high priests (Orc:2)
  A thrashing horror (Abyss:3)
  10 death yaks
  Sonja (D:12)
  10 deep elf knights
  A wretched star (Abyss:3)
  A skyshark (Lair:3)
  2 nameless horrors
  A spatial maelstrom (Abyss:3)
  A fire crab (shapeshifter) (D:10)
  5 goliath frogs
  2 spriggan druids (Swamp:3)
  3 bog bodies (Swamp:2)
  A wizard (D:14)
  A swamp dragon (Swamp:1)
  2 ironbound convokers (Desolation)
  A lindwurm (Lair:5)
  36 deep elf pyromancers
  Pikel (D:7)
  16 deep elf zephyrmancers
  9 deep elf archers
  9 orc knights
  An orc sorcerer (Orc:1)
  A steelbarb worm (shapeshifter) (Elf:1)
  14 ugly things
  4 will-o-the-wisps
  9 cyclopes
  A manticore (D:15)
  A naga zombie (Abyss:3)
  4 guardian serpents (Desolation)
  7 black mambas
  Joseph (D:7)
  10 elephants
  5 large abominations (Abyss:3)
  An apocalypse crab (Abyss:3)
  A molten gargoyle (Desolation)
  2 gargoyles (D:13)
  3 torpor snails (Lair:5)
  2 unseen horror zombies (D:9)
  17 cane toads
  2 rime drakes
  2 unseen horrors
  An unseen horror (shapeshifter) (D:15)
  A kobold demonologist (D:11)
  11 komodo dragons
  A yaktaur (D:15)
  2 freezing wraiths
  2 tengu conjurers (D:15)
  2 efreet
  An ancient zyme (Abyss:3)
  8 trolls
  3 meliai (D:14)
  A queen bee (D:14)
  10 tyrant leeches
  A troll (shapeshifter) (Elf:2)
  9 polar bears (Lair:5)
  Prince Ribbit (D:7)
  A blink frog (shapeshifter) (Abyss:3)
  19 blink frogs
  12 hornets
  68 saltlings (Desolation)
  2 raiju (Lair:5)
  A raiju (shapeshifter) (Abyss:3)
  Sigmund (D:4)
  7 air elementals
  12 slime creatures
  4 water elementals
  2 vampires
  58 yaks
  3 shadows
  4 fire elementals (Orc:2)
  A basilisk (Lair:4)
  4 spriggans
  2 wyverns
  4 wraiths
  20 vampire mosquitoes
  3 steam dragons
  19 swamp worms
  7 wargs
  3 nagas (Lair:3)
  11 water moccasins
  19 hell hounds
  2 swamp drakes (Swamp:1)
  40 orc warriors
  5 ice beasts
  12 black bears
  4 sky beasts
  20 wolves
  3 lemures (D:7)
  14 centaurs
  3 boggarts (D:15)
  A phantom (D:4)
  A kobold brigand (D:5)
  17 bullfrogs
  4 gnoll sergeants
  A scorpion (D:6)
  3 earth elementals
  14 wights
  23 killer bees (D:14)
  6 howler monkeys
  3 centaur zombies (D:9)
  2 quasits (Abyss:3)
  2 hounds
  3 jellies
  A human zombie (D:9)
  40 orc priests
  3 gnoll boudas
  3 iguanas
  15 orc wizards
  2 sleepcaps (D:6)
  5 hell rats
  A killer bee zombie (D:9)
  2 mummies (D:9)
  A howler monkey zombie (D:9)
  26 gnolls
  6 adders
  3 white imps
  2 worms (D:4)
  3 dart slugs
  99 orcs
  3 ball pythons
  3 bats
  10 endoplasms
  A giant cockroach (D:1)
  12 hobgoblins
  10 jackals
  2 quokkas
  A frilled lizard (D:2)
  7 goblins
  6 kobolds
  5 rats
1127 creatures vanquished.

Vanquished Creatures (collateral kills)
  Rupert (D:14)
  A deep elf blademaster (Elf:3)
  A fenstrider witch (Swamp:1)
  A deep elf sorcerer (Elf:1)
  Azrael (Orc:2)
  An eleionoma (Swamp:1)
  A bunyip (Swamp:3)
  2 deep elf death magi (Elf:3)
  An ettin (D:14)
  A fire dragon (Lair:5)
  A ragged hierophant (Desolation)
  A hydra (Swamp:3)
  A servant of whispers (Desolation)
  A death knight (D:15)
  2 peacekeepers (Desolation)
  3 dancing weapons (Elf:2)
  2 death yaks (Lair:5)
  3 deep elf knights
  An iron troll (D:14)
  A slime creature (D:12)
  A swamp dragon (Swamp:1)
  A bog body (Swamp:1)
  A deep elf pyromancer (Elf:1)
  4 deep elf zephyrmancers (Elf:1)
  3 ugly things
  2 nameless horrors (D:15)
  A will-o-the-wisp (Swamp:3)
  A cyclops (D:15)
  2 torpor snails (Lair:5)
  11 saltlings (Desolation)
  2 tyrant leeches (Lair:5)
  2 water elementals (Elf:1)
  2 vampire mosquitoes (Swamp:1)
  A swamp worm (Swamp:3)
  A swamp worm (shapeshifter) (Elf:1)
62 creatures vanquished.

Vanquished Creatures (others)
  2 ogre magi (D:15)
  An ugly thing (D:15)
  A deep elf pyromancer (Elf:1)
  A yaktaur (D:15)
  2 bloated husks
  5 dancing weapons
  A bush (Lair:5)
  24 foxfires
  71 fungi
  91 plants
  4 withered plants
203 creatures vanquished.

Grand Total: 1392 creatures vanquished

Notes
Turn   | Place    | Note
-------+----------+-------------------------------------------
     0 | D:1      | Fartwhistle the Gnoll Hunter began the quest for the Orb.
     0 | D:1      | Reached XP level 1. HP: 20/20 MP: 1/1
   118 | D:1      | Found Awiex's Armour Shoppe.
   269 | D:1      | Reached XP level 2. HP: 26/26 MP: 2/2
   671 | D:1      | Reached XP level 3. HP: 27/31 MP: 3/3
   853 | D:2      | Reached skill level 1 in Invocations
  1110 | D:2      | Reached skill level 1 in Short Blades
  1110 | D:2      | Reached skill level 1 in Long Blades
  1110 | D:2      | Reached skill level 1 in Axes
  1110 | D:2      | Reached skill level 1 in Maces & Flails
  1110 | D:2      | Reached skill level 1 in Polearms
  1110 | D:2      | Reached skill level 1 in Staves
  1110 | D:2      | Reached skill level 1 in Throwing
  1110 | D:2      | Reached skill level 1 in Armour
  1110 | D:2      | Reached skill level 1 in Shields
  1110 | D:2      | Reached skill level 1 in Unarmed Combat
  1110 | D:2      | Reached skill level 1 in Spellcasting
  1110 | D:2      | Reached skill level 1 in Evocations
  1286 | D:2      | Reached XP level 4. HP: 34/38 MP: 5/5
  1538 | D:3      | Reached skill level 1 in Conjurations
  1538 | D:3      | Reached skill level 1 in Hexes
  1538 | D:3      | Reached skill level 1 in Summonings
  1538 | D:3      | Reached skill level 1 in Necromancy
  1538 | D:3      | Reached skill level 1 in Translocations
  1538 | D:3      | Reached skill level 1 in Transmutations
  1538 | D:3      | Reached skill level 1 in Fire Magic
  1538 | D:3      | Reached skill level 1 in Ice Magic
  1538 | D:3      | Reached skill level 1 in Air Magic
  1538 | D:3      | Reached skill level 1 in Earth Magic
  1538 | D:3      | Reached skill level 1 in Poison Magic
  1698 | D:3      | Found Ugujeiv's Antique Armour Boutique.
  1823 | D:3      | You fall into a shaft and drop 3 floors!
  1837 | D:6      | Noticed a bullfrog
  1856 | D:6      | Noticed a scorpion
  1969 | D:6      | Killed a scorpion
  1970 | D:6      | Reached XP level 5. HP: 20/43 MP: 5/7
  2125 | D:5      | Entered Level 5 of the Dungeon
  2485 | D:5      | Reached XP level 6. HP: 44/50 MP: 8/8
  2559 | D:4      | Reached skill level 5 in Fighting
  2559 | D:4      | Reached skill level 2 in Armour
  2559 | D:4      | Reached skill level 5 in Dodging
  2717 | D:3      | Identified the amulet "Coxtucvoge" {Acrobat -Tele Contam
                  | rPois SInv}
  3179 | D:4      | Noticed Sigmund
  3190 | D:4      | Killed Sigmund
  3191 | D:4      | Reached XP level 7. HP: 49/56 MP: 10/10
  3397 | D:4      | Learned a level 3 spell: Tukima's Dance
  3777 | D:5      | Found a sacrificial altar of Ru.
  4021 | D:6      | Found an iron altar of Okawaru.
  4024 | D:6      | Noticed a steam dragon
  4076 | D:6      | Identified the +3 sling of Luxury {freeze, Str-3 Int+5
                  | SInv}
  4079 | D:6      | Found a broken altar of Ashenzari.
  4140 | D:6      | Reached skill level 3 in Armour
  4140 | D:6      | Reached XP level 8. HP: 63/63 MP: 12/12
  4495 | D:6      | Found a shadowy altar of Dithmenos.
  5036 | D:6      | Found a large runed translucent door.
  5036 | D:6      | Found a large runed translucent door.
  5037 | D:6      | Noticed diceflayer's ghost (novice DsHu)
  5315 | D:6      | Reached XP level 9. HP: 51/69 MP: 14/14
  5522 | D:6      | Reached skill level 4 in Armour
  5876 | D:7      | Found a staircase to the Ecumenical Temple.
  6029 | Temple   | Entered the Ecumenical Temple
  6571 | D:7      | Reached skill level 5 in Stealth
  6848 | D:7      | Found an opulent altar of Gozag.
  6884 | D:7      | Noticed Pikel
  6998 | D:7      | Killed Pikel
  6999 | D:7      | Reached skill level 5 in Armour
  6999 | D:7      | Reached skill level 5 in Invocations
  7208 | D:7      | Found a glowing silver altar of Zin.
  7290 | D:7      | Noticed Joseph
  7291 | D:7      | Noticed Prince Ribbit
  7535 | D:7      | Killed Joseph
  7536 | D:7      | Reached skill level 5 in Short Blades
  7536 | D:7      | Reached skill level 5 in Long Blades
  7536 | D:7      | Reached skill level 5 in Axes
  7536 | D:7      | Reached skill level 5 in Maces & Flails
  7536 | D:7      | Reached skill level 5 in Polearms
  7536 | D:7      | Reached skill level 5 in Staves
  7536 | D:7      | Reached skill level 5 in Throwing
  7536 | D:7      | Reached skill level 5 in Shields
  7536 | D:7      | Reached skill level 5 in Unarmed Combat
  7536 | D:7      | Reached skill level 5 in Spellcasting
  7536 | D:7      | Reached skill level 5 in Evocations
  7536 | D:7      | Reached XP level 10. HP: 52/77 MP: 3/17
  7721 | D:7      | Killed Prince Ribbit
  7722 | D:7      | Reached skill level 10 in Ranged Weapons
  7722 | D:7      | Reached skill level 6 in Armour
  8035 | D:8      | Found a burning altar of Makhleb.
  8381 | D:8      | Found a stormy altar of Qazlal.
  8598 | D:8      | Found a staircase to the Lair.
  8864 | D:9      | Found Nunonie's Distillery.
  8870 | D:9      | Reached skill level 7 in Armour
  8920 | D:9      | Found a flagged portal.
  8946 | Bailey   | Entered a bailey
  9244 | Bailey   | Learned a level 4 spell: Flame Wave
  9266 | D:9      | Found Pisk's Antique Armour Shoppe.
  9319 | D:9      | Found a hide-covered altar of Uskayaw.
  9351 | D:9      | Found a glowing golden altar of the Shining One.
  9438 | D:9      | Became a worshipper of the Shining One
  9457 | D:9      | Found Qusoyt's Weapon Shop.
  9496 | D:9      | Identified the +3 ring mail "Tunodgh" {Slay+2 SInv}
  9640 | D:9      | Bought a potion of heal wounds for 75 gold pieces
  9640 | D:9      | Bought a potion of curing for 45 gold pieces
  9640 | D:9      | Bought a potion of heal wounds for 75 gold pieces
  9709 | D:9      | Found an ancient bone altar of Kikubaaqudgha.
  9999 | D:9      | Found Ewiomnad's Distillery.
 10012 | D:9      | Reached skill level 5 in Conjurations
 10012 | D:9      | Reached skill level 5 in Hexes
 10012 | D:9      | Reached skill level 5 in Summonings
 10012 | D:9      | Reached skill level 5 in Necromancy
 10012 | D:9      | Reached skill level 5 in Translocations
 10012 | D:9      | Reached skill level 5 in Transmutations
 10012 | D:9      | Reached skill level 5 in Fire Magic
 10012 | D:9      | Reached skill level 5 in Ice Magic
 10012 | D:9      | Reached skill level 5 in Air Magic
 10012 | D:9      | Reached skill level 5 in Earth Magic
 10012 | D:9      | Reached skill level 5 in Poison Magic
 10012 | D:9      | Reached XP level 11. HP: 59/85 MP: 20/20
 10091 | D:9      | Bought a potion of curing for 42 gold pieces
 10091 | D:9      | Bought a potion of might for 56 gold pieces
 10271 | D:9      | Found a basalt altar of Yredelemnul.
 10280 | D:9      | Reached * piety under the Shining One
 10628 | D:10     | Entered Level 10 of the Dungeon
 10681 | D:10     | Noticed a two-headed ogre
 10694 | D:10     | Killed a two-headed ogre
 10695 | D:10     | Reached skill level 8 in Armour
 10843 | D:10     | Noticed a boulder beetle
 10854 | D:10     | Noticed an orc knight
 10855 | D:10     | Killed a boulder beetle
 10855 | D:10     | Noticed a cyclops
 10855 | D:10     | Noticed a white ugly thing
 11017 | D:10     | Killed an orc knight
 11079 | D:9      | Killed a white ugly thing
 11297 | D:10     | Noticed a cyclops
 11305 | D:10     | Killed a cyclops
 11495 | D:10     | Noticed a cyclops
 11563 | D:9      | Reached skill level 9 in Armour
 11572 | D:9      | Learned a level 3 spell: Stone Arrow
 11787 | D:9      | Reached ** piety under the Shining One
 11807 | D:10     | Noticed a boulder beetle
 11813 | D:10     | Noticed an eight-headed hydra
 11815 | D:10     | Killed a boulder beetle
 11848 | D:10     | Killed a cyclops
 11849 | D:10     | Reached XP level 12. HP: 94/94 MP: 22/22
 12101 | D:9      | HP: 3/94 [poisoned by a green ugly thing]
 12609 | Lair:1   | Entered Level 1 of the Lair of Beasts
 12732 | Lair:1   | Noticed a six-headed hydra
 12736 | Lair:1   | Killed a six-headed hydra
 13261 | Lair:1   | Reached skill level 10 in Armour
 13606 | Lair:1   | Found a runed translucent door.
 13611 | Lair:1   | Noticed catramo's ghost (journeyman HuHu)
 14785 | Lair:2   | Identified the +7 falchion of the Witching Fulmar {vamp,
                  | Dex+2}
 14963 | Lair:2   | Reached XP level 13. HP: 101/101 MP: 25/25
 15460 | Lair:3   | Reached skill level 11 in Armour
 15643 | Lair:3   | Found a staircase to the Snake Pit.
 15645 | Lair:3   | Identified a scroll of acquirement
 15657 | Lair:3   | Acquired the +10 lajatang of Obsession {protect, rF+ rN+
                  | Str+3}
 16560 | Lair:3   | Reached *** piety under the Shining One
 16772 | Lair:3   | Found a staircase to the Swamp.
 17220 | Lair:4   | Reached skill level 10 in Fighting
 17220 | Lair:4   | Reached skill level 10 in Dodging
 17586 | Lair:4   | Found a runed translucent door.
 17686 | Lair:4   | Found a staircase to the Slime Pits.
 18089 | Lair:5   | Entered Level 5 of the Lair of Beasts
 18107 | Lair:5   | Reached skill level 12 in Armour
 18411 | Lair:5   | Reached skill level 10 in Invocations
 18411 | Lair:5   | Reached XP level 14. HP: 77/110 MP: 27/27
 18567 | Lair:5   | Reached **** piety under the Shining One
 20008 | Lair:5   | Found a runed translucent door.
 20039 | Lair:5   | Reached skill level 10 in Stealth
 20053 | Lair:5   | Reached ***** piety under the Shining One
 20072 | Lair:5   | Reached skill level 13 in Armour
 20328 | Lair:5   | Identified the ring "Apytorgh" {Ice Str+3}
 20804 | Lair:5   | Reached skill level 10 in Short Blades
 20804 | Lair:5   | Reached skill level 10 in Long Blades
 20804 | Lair:5   | Reached skill level 10 in Axes
 20804 | Lair:5   | Reached skill level 10 in Maces & Flails
 20804 | Lair:5   | Reached skill level 10 in Polearms
 20804 | Lair:5   | Reached skill level 10 in Staves
 20804 | Lair:5   | Reached skill level 10 in Throwing
 20804 | Lair:5   | Reached skill level 10 in Shields
 20804 | Lair:5   | Reached skill level 10 in Unarmed Combat
 20804 | Lair:5   | Reached skill level 10 in Spellcasting
 20804 | Lair:5   | Reached skill level 10 in Evocations
 21250 | Lair:5   | Reached XP level 15. HP: 118/118 MP: 29/29
 21589 | D:3      | Bought the -2 hat of the Alchemist {rElec rPois rF+ rC+ rN+
                  | Will+ rMut rCorr} for 1227 gold pieces
 21589 | D:3      | Found the -2 hat of the Alchemist {rElec rPois rF+ rC+ rN+
                  | Will+ rMut rCorr}
 22080 | D:10     | Found a radiant altar of Vehumet.
 22238 | D:10     | Identified the ring of Zoneoc {Str+6 Int+2}
 22302 | D:10     | Found a runed translucent door.
 22305 | D:10     | Noticed Killmatronix's ghost (journeyman MiSu)
 23124 | D:12     | Found a broken altar of Ashenzari.
 23386 | D:12     | Noticed Sonja
 23427 | D:12     | Killed Sonja
 23428 | D:12     | Reached skill level 14 in Armour
 23634 | D:12     | Found a staircase to the Orcish Mines.
 24778 | D:13     | Found Caezaekk's Jewellery Emporium.
 25030 | D:14     | Noticed Rupert
 25451 | D:14     | HP: 2/119 [ettin/+0 dire flail (27)]
 26353 | D:14     | Learned a level 3 spell: Mephitic Cloud
 26411 | D:14     | Found a runed translucent gate.
 26411 | D:14     | Found a runed translucent gate.
 26411 | D:14     | Found a runed translucent gate.
 26414 | D:14     | Noticed Cown's ghost (journeyman TrHu)
 26424 | D:14     | Identified the +4 plate armour of the Planets {*Slow +Inv
                  | Regen+ Slay-2}
 26477 | D:14     | Killed Rupert
 26595 | D:14     | Reached XP level 16. HP: 102/127 MP: 30/30
 26674 | D:14     | Found a gate to the Vaults.
 26845 | D:15     | Entered Level 15 of the Dungeon
 26881 | D:15     | Found a shimmering altar of Xom.
 27289 | D:15     | Noticed Louise
 27291 | Abyss:3  | Cast into level 3 of the Abyss (Louise)
 27292 | Abyss:3  | Found a corrupted altar of Lugonu.
 27575 | Abyss:3  | Reached ****** piety under the Shining One
 27824 | D:15     | Escaped the Abyss
 27905 | Orc:1    | Entered Level 1 of the Orcish Mines
 28367 | Orc:2    | Entered Level 2 of the Orcish Mines
 28395 | Orc:1    | Reached skill level 15 in Armour
 28727 | Orc:2    | Found a staircase to the Elven Halls.
 28898 | Orc:2    | Noticed Donald
 28911 | Orc:2    | Killed Donald
 29127 | Orc:2    | Noticed Azrael
 29185 | Orc:2    | Killed Azrael
 30412 | Orc:2    | Found Roexuihe's Assorted Antiques.
 30415 | Orc:2    | Found Hiysom's Antique Weapon Boutique.
 30416 | Orc:2    | Found Viroriur's General Store.
 30417 | Orc:2    | Found Nuenig's Antique Weapon Shop.
 30420 | Orc:2    | Bought a scroll of teleportation for 48 gold pieces
 30420 | Orc:2    | Bought 2 potions of heal wounds for 160 gold pieces
 30420 | Orc:2    | Bought a scroll of teleportation for 48 gold pieces
 30424 | Orc:2    | Bought an ancient ivory ring for 175 gold pieces
 30424 | Orc:2    | Identified the ring of Getab {rPois Will+ Int+3} (You
                  | bought it in a shop on level 2 of the Orcish Mines)
 30435 | Orc:2    | Bought 2 potions of heal wounds for 350 gold pieces
 30439 | Orc:2    | Bought a crystal great sword for 356 gold pieces
 30439 | Orc:2    | Identified the +3 great sword of Egacabbe {elec, rPois rC-
                  | Int+6} (You bought it in a shop on level 2 of the Orcish
                  | Mines)
 30747 | Swamp:1  | Entered Level 1 of the Swamp
 31168 | Swamp:1  | Noticed a fenstrider witch
 31179 | Swamp:1  | Killed a fenstrider witch
 31688 | Swamp:1  | Acquired 1057 gold pieces
 32052 | Swamp:1  | Learned a level 6 spell: Summon Cactus Giant
 32854 | Swamp:2  | Reached XP level 17. HP: 135/135 MP: 32/32
 33468 | Swamp:2  | Reached skill level 10 in Conjurations
 33468 | Swamp:2  | Reached skill level 10 in Hexes
 33468 | Swamp:2  | Reached skill level 10 in Summonings
 33468 | Swamp:2  | Reached skill level 10 in Necromancy
 33468 | Swamp:2  | Reached skill level 10 in Translocations
 33468 | Swamp:2  | Reached skill level 10 in Transmutations
 33468 | Swamp:2  | Reached skill level 10 in Fire Magic
 33468 | Swamp:2  | Reached skill level 10 in Ice Magic
 33468 | Swamp:2  | Reached skill level 10 in Air Magic
 33468 | Swamp:2  | Reached skill level 10 in Earth Magic
 33468 | Swamp:2  | Reached skill level 10 in Poison Magic
 33538 | Swamp:2  | HP: 5/135 [spriggan berserker/+2 antimagic war axe (34)]
 33538 | Swamp:2  | The Shining One protects you from harm!
 34333 | Swamp:3  | Reached skill level 16 in Armour
 35693 | D:15     | Found a staircase to the Depths.
 35975 | D:15     | Found a hide-covered altar of Uskayaw.
 36410 | D:15     | Killed Louise
 36596 | Orc:2    | Bought an ivory long sword for 263 gold pieces
 36596 | Orc:2    | Identified the +0 long sword of Temperance {freeze, rF++
                  | Str+3} (You bought it in a shop on level 2 of the Orcish
                  | Mines)
 36706 | Elf:1    | Entered Level 1 of the Elven Halls
 37635 | Elf:1    | Paralysed by an air elemental for 1 turns
 38561 | Elf:1    | Noticed an Executioner
 38589 | Elf:1    | Reached XP level 18. HP: 138/143 MP: 32/34
 38833 | Elf:1    | Got the Codex of Fulmination and Support
 39345 | Elf:1    | Paralysed by an air elemental for 1 turns
 39612 | Elf:2    | Reached skill level 15 in Ranged Weapons
 39612 | Elf:2    | Reached skill level 17 in Armour
 39641 | Elf:2    | Found a crumbling gateway.
 39648 | Desolati | Entered the Desolation of Salt
 40068 | Desolati | Identified the ring "Wotwyto" {Ice rN+}
 40281 | Desolati | Identified the +1 hat of Sanew {Contam rPois rF+++}
 40408 | Desolati | Identified the ring "Lecah" {Wiz Int+3 Dex+5}
 40541 | Desolati | Identified the ring "Tycsaef" {rF+ Str+3 Dex+2}
 40838 | Desolati | Identified the +0 scale mail "Ejoukel" {+Inv rPois rF+
                  | Will+}
 40955 | Desolati | Identified the +2 robe of Indomitability {rC+ rN+}
 41504 | Desolati | Got the Cyclopedia of Displacement
 41515 | Desolati | Learned a level 2 spell: Blink
 41520 | Desolati | Learned a level 4 spell: Passage of Golubria
 42274 | Desolati | Identified the ring "Okheo" {rPois Int+6 Stlth+}
 42303 | Desolati | Identified the +9 war axe of the Fray {antimagic, Will++
                  | Int-4 SInv}
 42395 | Desolati | Got the Discursus on Hurtful Breath
 42463 | Desolati | Identified the +3 leather armour of Exclusion {Regen+
                  | Str+2}
 42663 | Elf:2    | Found a runed translucent gate.
 42678 | Elf:2    | Noticed Jorgrun
 42725 | Elf:2    | Killed Jorgrun
 42726 | Elf:2    | Reached XP level 19. HP: 64/151 MP: 28/36
 42937 | Elf:2    | Paralysed by an air elemental for 1 turns
 42974 | Elf:2    | Found Esim's Jewellery Boutique.
 43443 | Elf:2    | Found a runed translucent gate.
 43444 | Elf:2    | Found a runed translucent gate.
 43865 | Elf:2    | Reached skill level 18 in Armour
 44877 | Elf:3    | Entered Level 3 of the Elven Halls
 44899 | Elf:3    | Found a flickering gateway to a bazaar.
 44908 | Bazaar   | Entered a bazaar
 44908 | Bazaar   | Found Komosh's Distillery.
 44918 | Bazaar   | Found Qywk's Book Emporium.
 44929 | Bazaar   | Found Puciv's General Store.
 44937 | Bazaar   | Bought a potion of resistance for 70 gold pieces
 44937 | Bazaar   | Bought a potion of heal wounds for 35 gold pieces
 44937 | Bazaar   | Found Zantaapn's Antique Armour Shop.
 44948 | Bazaar   | Found Vappa's Antique Weapon Emporium.
 44976 | Bazaar   | Bought a triple crossbow for 150 gold pieces
 44991 | Bazaar   | Bought a fading ring mail for 198 gold pieces
 44991 | Bazaar   | Identified the +0 ring mail of Defiance {Int+3} (You bought
                  | it in a shop in a bazaar)
 44991 | Bazaar   | Bought a smoking chain mail for 209 gold pieces
 44991 | Bazaar   | Identified the +6 chain mail of Sozepu Fiar {rC+ rN+} (You
                  | bought it in a shop in a bazaar)
 45035 | Bazaar   | Bought a Fen Folio for 336 gold pieces
 45035 | Bazaar   | Bought a book of Vapours for 208 gold pieces
 45041 | Bazaar   | Learned a level 5 spell: Summon Forest
 45048 | Bazaar   | Learned a level 6 spell: Eringya's Noxious Bog
 45054 | Bazaar   | Learned a level 5 spell: Freezing Cloud
 45236 | Elf:3    | Found a shimmering blue altar of Sif Muna.
 45814 | Elf:3    | Identified the +0 robe of Hiucs {Rampage Int-3 Slay+4
                  | Archmagi}
 45814 | Elf:3    | Identified the ring of Sucroumn {Will+ Str-3 Int+6 Slay+2
                  | Stlth+}
 47023 | Elf:3    | Killed from afar by a deep elf sorcerer

Illustrated notes

Levels and vault maps discovered:
D:1:      dpeg_arrival_simpleton_b, layout_loops_corners, serial_shops,
          shop_statue
D:2:      layout_basic, minivault_4
D:3:      layout_loops_ring, serial_shops, shop
D:4:      layout_rooms, uniq_sigmund
D:5:      layout_cave_pods, nicolae_ru_path_of_blood, hellmonk_bongcloud_opening
D:6:      layout_gridville, lemuel_round_altar,
          mainiacjoe_overflow_cross_hatched, kennysheep_mini_moat,
          ebering_ghost_disaster_area, minmay_manual_mullet
D:7:      layout_basic, nicolae_gozag_seed_capital, lemuel_crystal_altar,
          minmay_temple_entry_drinking_statues, uniq_prince_ribbit1, uniq_pikel,
          uniq_joseph
D:8:      layout_gridville, nicolae_qazlal_beasts_of_the_sky,
          mainiacjoe_overflow_catwalk, grunt_lair_entry_orc_guard_hut
D:9:      layout_basic, lemuel_mausoleum_altar_yredelemnul,
          lemuel_crystal_altar, mainiacjoe_overflow_surrounded_room,
          amcnicky_altar_gilded, enter_bailey_4, serial_shops,
          nicolae_shop_crystal, shop, nicolae_shop_peninsula,
          nicolae_shop_trees, corexii_corridor_pit,
          chequers_serial_rivers_large_b, kennysheep_potato
D:10:     minmay_blocky_corners, layout_gridville, pf_just_have_faith,
          gammafunk_ghost_grave, minmay_pinched_square
D:11:     layout_small_grid
D:12:     layout_cave_pools, david_orc_5, cheibrodos_ashenzari_chains,
          uniq_sonja
D:13:     layout_small_grid, serial_shops, shop_fountains
D:14:     layout_roguey [special_room_bee], david_vaults_4,
          biasface_ghost_orc_armoury, minmay_misc_feat_hallway, uniq_rupert
D:15:     grunt_enter_depths_snipers, layout_grid_maze,
          nicolae_uskayaw_dance_hall, xom_confusion_cloud, uniq_louise
Temple:   pf_slimified_temple
Lair:1:   statuecave_lemuel, layout_layer_cave, gammafunk_ghost_grave,
          grunt_megastairs_3, serial_bayou_shore_a
Lair:2:   layout_chaotic_city, lemuel_fruit_tree
Lair:3:   layout_misc_corridors, minmay_swamp_entry_worms,
          guppyfry_snake_entry_garden, worms_lemuel, grunt_megastairs_1
Lair:4:   layout_regular_city, slime_entry_2
Lair:5:   hangedman_lair_caniforms_friends, layout_loops_ring, wormcave
Swamp:1:  layout_basic_swamp, serial_swamp_ruin, evilmike_swamp_ruin_house_2,
          evilmike_swamp_ruin_house_5
Swamp:2:  layout_basic_swamp, evilmike_swamp_ruin_rubble_1, swamp_pool1,
          nicolae_swamp_tree_designs
Swamp:3:  layout_basic_swamp, evilmike_swamp_ruin_house_4, swamp_pool5,
          nzn_swamp_stair_ambush, infiniplex_staircase_pool
Orc:1:    layout_diamond_mine
Orc:2:    st_orc_pillars, layout_caves, minmay_orc_keep, uniq_donald,
          uniq_azrael
Elf:1:    nicolae_elf_arrival_fired_up, layout_onion_city, minmay_elf_sorcery
Elf:2:    elven_hall_of_blades_hangedman_original
          [nicolae_blade_entry_diamond_columns], layout_onion_city,
          serial_shops, shop, portal_desolation_entry_ruin,
          lemuel_flamethrower_2, uniq_jorgrun
Elf:3:    minmay_elf_hall_circle, layout_geoelf_octagon, serial_shops,
          bzr_entry_dummy, serial_sigils_hangedman_stare, lemuel_statue_altar

Skill      XL: |  1  2  3  4  5  6  7  8  9 10 11 12 13 14 15 16 17 18 19 |
---------------+----------------------------------------------------------+-----
Invocations    | 1 2 3 4 5 6 7 8 10 11 12 13 14 | 14.9
Short Blades   | 1 2 3 5 6 7 8 9 10 11 12 13 | 13.7
Long Blades    | 1 2 3 5 6 7 8 9 10 11 12 13 | 13.7
Axes           | 1 2 3 5 6 7 8 9 10 11 12 13 | 13.7
Maces & Flails | 1 2 3 5 6 7 8 9 10 11 12 13 | 13.7
Polearms       | 1 2 3 5 6 7 8 9 10 11 12 13 | 13.7
Staves         | 1 2 3 5 6 7 8 9 10 11 12 13 | 13.7
Throwing       | 1 2 3 5 6 7 8 9 10 11 12 13 | 13.7
Armour         | 1 2 3 5 7 9 10 12 13 14 15 16 17 18 | 18.5
Shields        | 1 2 3 5 6 7 8 9 10 11 12 13 | 13.7
Unarmed Combat | 1 2 3 5 6 7 8 9 10 11 12 13 | 13.7
Spellcasting   | 1 2 3 5 6 7 8 9 10 11 12 13 | 13.7
Evocations     | 1 2 3 5 6 7 8 9 10 11 12 13 | 13.7
Conjurations   | 1 2 3 4 5 6 7 8 9 10 11 | 11.6
Hexes          | 1 2 3 4 5 6 7 8 9 10 11 | 11.6
Summonings     | 1 2 3 4 5 6 7 8 9 10 11 | 11.6
Necromancy     | 1 2 3 4 5 6 7 8 9 10 11 | 11.6
Translocations | 1 2 3 4 5 6 7 8 9 10 11 | 11.6
Transmutations | 1 2 3 4 5 6 7 8 9 10 11 | 11.6
Fire Magic     | 1 2 3 4 5 6 7 8 9 10 11 | 11.6
Ice Magic      | 1 2 3 4 5 6 7 8 9 10 11 | 11.6
Air Magic      | 1 2 3 4 5 6 7 8 9 10 11 | 11.6
Earth Magic    | 1 2 3 4 5 6 7 8 9 10 11 | 11.6
Poison Magic   | 1 2 3 4 5 6 7 8 9 10 11 | 11.6
Stealth        | 3 4 5 6 7 8 9 10 11 12 13 | 13.9
Fighting       | 5 6 7 8 9 10 11 12 13 14 | 14.4
Dodging        | 5 6 7 8 9 10 11 12 13 14 | 14.4
Ranged Weapons | 9 10 11 12 13 14 15 | 15.9

Action                     |  1- 3 |  4- 6 |  7- 9 | 10-12 | 13-15 | 16-18 | 19-21 || total
---------------------------+-------+-------+-------+-------+-------+-------+-------++-------
  Melee: Whip              |       |     4 |    77 |     7 |       |       |       ||    88
         Bite              |       |       |     7 |     1 |    77 |    95 |     6 ||   186
         Punch             |       |       |     1 |       |       |       |       ||     1
         Hand axe          |       |       |       |     4 |       |       |       ||     4
         Lajatang          |       |       |       |       |   437 |   505 |    44 ||   986
   Fire: Shortbow          |    77 |   146 |   364 |       |       |       |       ||   587
         Sling             |       |       |     8 |       |       |       |       ||     8
         Arbalest          |       |       |       |   668 |   799 |   994 |   101 ||  2562
         Triple crossbow   |       |       |       |       |       |       |    78 ||    78
  Throw: Dart              |       |       |       |     2 |     1 |       |       ||     3
         Throwing net      |       |       |       |       |       |     1 |       ||     1
   Cast: Tukima's Dance    |       |       |     9 |    10 |       |    14 |       ||    33
         Mephitic Cloud    |       |       |       |       |       |     5 |       ||     5
         Summon Cactus Gia |       |       |       |       |       |    11 |     3 ||    14
         Flame Wave        |       |       |       |       |       |     2 |     1 ||     3
         Freezing Cloud    |       |       |       |       |       |       |     9 ||     9
         Summon Forest     |       |       |       |       |       |       |     1 ||     1
         Eringya's Noxious |       |       |       |       |       |       |     1 ||     1
 Invoke: Divine Shield     |       |       |       |     2 |       |       |     1 ||     3
         Summon Divine War |       |       |       |       |     5 |    12 |     2 ||    19
         Cleansing Flame   |       |       |       |       |       |    13 |     2 ||    15
  Evoke: Wand              |       |       |    12 |    10 |     4 |     8 |     1 ||    35
         Condenser vane    |       |       |       |     1 |       |     3 |       ||     4
         Lightning rod     |       |       |       |     2 |     1 |     6 |       ||     9
         Phial of floods   |       |       |       |       |       |     1 |       ||     1
    Use: Scroll            |       |     4 |     2 |    10 |    18 |    13 |     3 ||    50
         Potion            |       |       |       |     1 |     2 |    12 |       ||    15
   Stab: Paralysed         |       |       |     4 |       |       |       |       ||     4
         Distracted        |       |       |     1 |       |       |       |       ||     1
 Armour: Leather armour    |     5 |     7 |       |       |       |       |       ||    12
         Robe              |       |       |    41 |    60 |       |       |       ||   101
         Ring mail         |       |       |       |    38 |   278 |   107 |       ||   423
         Chain mail        |       |       |       |       |       |   233 |    72 ||   305
  Dodge: Dodged            |    10 |    31 |   195 |   502 |   850 |   811 |    74 ||  2473
  Block: Other             |       |     1 |    51 |   149 |   233 |   201 |    36 ||   671
         Reflection        |       |       |     2 |     5 |    10 |    12 |     3 ||    32
